 Dungeon Crawl Stone Soup version 0.27.0-1-g7a089689b8 (webtiles) character file.

Game seed: 7289869438906699164

308 hilljack the Poker (level 6, -3/52 HPs)
             Began as a Minotaur Gladiator on Aug 12, 2021.
             Was an Initiate of Dithmenos.
             Slain by Eustachio (4 damage)
             ... on level 4 of the Dungeon.
             The game lasted 00:04:14 (3247 turns).

hilljack the Poker (Minotaur Gladiator)             Turns: 3247, Time: 00:04:14

Health: -3/52      AC:  9    Str: 18      XL:     6   Next: 17%
Magic:  5/5        EV: 12    Int: 11      God:    Dithmenos [......]
Gold:   213        SH:  6    Dex: 12 (14) Spells: 5/5 levels left

rFire    . . .     SeeInvis .   a - +0 trident
rCold    . . .     Faith    .   s - +3 warlock's mirror {reflect}
rNeg     . . .     Spirit   .   b - +0 leather armour
rPois    .         Reflect  +   c - +0 hat
rElec    .         Harm     .   r - +0 cloak
rCorr    .         Rampage  .   (no gloves)
Will     .....                  n - +0 pair of boots
Stlth    +.........             (no amulet)
HPRegen  0.17/turn              g - +4 ring of protection
MPRegen  0.09/turn              u - +6 ring of intelligence

@: no status effects
A: horns 2, retaliatory headbutt
a: Renounce Religion


You were on level 4 of the Dungeon.
You worshipped Dithmenos.
Dithmenos was noncommittal.
You visited 2 branches of the dungeon, and saw 5 of its levels.

You collected 213 gold pieces.

Inventory:

Hand Weapons
 a - a +0 trident (weapon)
Missiles
 d - 3 throwing nets (quivered)
 k - 51 bolts
 l - 23 arrows
 m - 14 poisoned darts
Armour
 b - a +0 leather armour (worn)
 c - a +0 hat (worn)
 n - a +0 pair of boots (worn)
 r - a +0 cloak (worn)
 s - the +3 warlock's mirror (worn) {reflect}
   (You found it on level 4 of the Dungeon)

   It can block and reflect piercing ranged attacks and magical attacks against
   the wielder's willpower.
Jewellery
 g - a +4 ring of protection (left hand)
 u - a +6 ring of intelligence (right hand)
Wands
 t - a wand of acid (9)
Scrolls
 e - a scroll of magic mapping
 f - a scroll of amnesia
 i - a scroll of fear
 q - a scroll of blinking
Potions
 h - 2 potions of heal wounds
 j - a potion of flight
 o - a potion of curing


   Skills:
 + Level 4.1 Fighting
 + Level 4.9 Polearms
 + Level 3.3 Throwing
 + Level 3.0 Armour
 + Level 4.4 Dodging
 + Level 0.5 Shields
 + Level 0.0 Invocations


You had 5 spell levels left.
You didn't know any spells.
Your spell library contained the following spells:

 Spells                   Type           Power      Damage    Failure   Level
 Animate Skeleton         Necr           0%         N/A       54%         1
 Corona                   Hex            0%         N/A       54%         1
 Foxfire                  Conj/Fire      0%         2x1d4     54%         1
 Pain                     Necr           0%         1d4       54%         1
 Ensorcelled Hibernation  Hex/Ice        0%         N/A       69%         2
 Conjure Flame            Conj/Fire      0%         6-21      89%         3
 Inner Flame              Hex/Fire       0%         N/A       89%         3
 Tukima's Dance           Hex            0%         N/A       89%         3
 Vampiric Draining        Necr           0%         2d6       89%         3
 Passage of Golubria      Tloc           N/A        N/A       100%        4
 Yara's Violent Unravell  Hex/Tmut       0%         3d3       100%        5


Dungeon Overview and Level Annotations

Branches:
Dungeon (4/15)             Temple (1/1) D:4

Altars:
Dithmenos
Elyvilon
Fedhas
Gozag
Hepliaklqana
Kikubaaqudgha
Makhleb
Okawaru
Qazlal
Ru
Trog
Uskayaw
Vehumet
Wu Jian
Xom
Yredelemnul
Zin

Annotations:
D:4 Eustachio


Innate Abilities, Weirdness & Mutations

You have a pair of horns on your head.
You reflexively headbutt those who attack you in melee.


Message History

The quasit claws you but does no damage.
The quasit barely misses you. You block the quasit's attack.
The quasit claws you.
* * * LOW HITPOINT WARNING * * *
Reach: a) +0 trident
Press: ? - help, Dir - move target, f - Eustachio, p - quasit
Aim: Eustachio, wielding a +0 falchion and wearing a +0 leather armour (severely wounded, about 50% to evade your +0 trident)
You reach to attack!
You barely miss Eustachio.
Eustachio is severely wounded.
The white imp misses you.
The quasit bites you but does no damage.
The quasit claws you.
* * * LOW HITPOINT WARNING * * *
The quasit claws you but does no damage.
Eustachio barely misses you.
Reach: a) +0 trident
Press: ? - help, Dir - move target, f/p - Eustachio
Aim: Eustachio, wielding a +0 falchion and wearing a +0 leather armour (severely wounded, about 50% to evade your +0 trident)
You hit Eustachio.
Eustachio is severely wounded.
The quasit misses you.
The quasit claws you but does no damage.
You block the quasit's attack. The white imp gestures at you.
The puff of frost misses you.
The puff of frost hits Eustachio!
The quasit bites you but does no damage.
The quasit closely misses you. You block the quasit's attack.
Eustachio casts a spell.
Reach: a) +0 trident
Press: ? - help, Dir - move target, f/p - Eustachio
Aim: Eustachio, wielding a +0 falchion and wearing a +0 leather armour (almost dead, about 50% to evade your +0 trident)
You puncture Eustachio!
Eustachio is almost dead.
The white imp gestures at you. The puff of frost hits you!
* * * LOW HITPOINT WARNING * * *
The quasit bites you but does no damage.
You block the quasit's attack. The quasit barely misses you.
Eustachio hits you with a +0 falchion.
You die...

###############
..........)...#
#############.# # #.#
###### ######.####
.....# #.........#
.....# #.........#
.....###.........#######
###....#.......@@5......
.##....#.......r.5......
.##....#................
........................
..............###.......
#.............###.......
..............'......>..
##....#.......#.........
#...#.###....##.........


You could see Eustachio, a quasit (summoned), a white imp (summoned) and a
quokka (summoned).

Vanquished Creatures
  A water moccasin (D:4)
  A hound (D:4)
  An iguana (D:4)
  5 adders
  An adder skeleton (D:4)
  2 worms
  3 dart slugs
  2 orcs (D:4)
  11 ball pythons
  4 endoplasms
  5 giant cockroaches
  7 goblins
  7 hobgoblins
  4 jackals
  A kobold (D:1)
  6 quokkas
  4 bats
  4 frilled lizards
  7 rats
76 creatures vanquished.

Notes
Turn   | Place    | Note
-------+----------+-------------------------------------------
     0 | D:1      | hilljack the Minotaur Gladiator began the quest for the
                  | Orb.
     0 | D:1      | Reached XP level 1. HP: 18/18 MP: 0/0
   101 | D:1      | Reached XP level 2. HP: 19/25 MP: 1/1
   251 | D:1      | Reached skill level 1 in Armour
   420 | D:1      | Found a faded altar of an unknown god.
   637 | D:1      | Reached XP level 3. HP: 28/30 MP: 2/2
  1262 | D:2      | Reached XP level 4. HP: 38/38 MP: 3/3
  1345 | D:2      | Found an ancient bone altar of Kikubaaqudgha.
  2226 | D:4      | Reached XP level 5. HP: 45/45 MP: 4/4
  2277 | D:4      | Found a staircase to the Ecumenical Temple.
  2298 | Temple   | Entered the Ecumenical Temple
  2467 | Temple   | Became a worshipper of Dithmenos the Shadowed
  2629 | D:4      | Noticed a water moccasin
  2631 | D:4      | Found the +3 warlock's mirror {reflect}
  2643 | D:4      | Killed a water moccasin
  2644 | D:4      | Reached XP level 6. HP: 28/52 MP: 5/5
  3227 | D:4      | Noticed Eustachio
  3247 | D:4      | HP: 1/52 [white imp/puff of frost[Eustachio] (11)]
  3247 | D:4      | Slain by Eustachio

Illustrated notes

Levels and vault maps discovered:
D:1:      dpeg_arrival_rooms_a, layout_loops_cross,
          dreamdust_ecumenical_altar_angels_and_demons
D:2:      layout_basic, basic_altar
D:3:      layout_rooms
D:4:      layout_basic, minmay_temple_entry_stoned_glass, uniq_eustachio
Temple:   eino_temple_rhombus

Skill      XL: |  1  2  3  4  5  6 |
---------------+-------------------+-----
Armour         | 1 2 3 |  3.0
Polearms       | 4 |  4.9
Fighting       | 3 4 |  4.1
Dodging        | 4 |  4.4
Throwing       | 3 |  3.3
Shields        | |  0.5

Action                   |  1- 3 |  4- 6 || total
-------------------------+-------+-------++-------
Melee: Trident           |   103 |   119 ||   222
       Headbutt          |     7 |    15 ||    22
  Use: Scroll            |       |     7 ||     7
       Potion            |       |     2 ||     2
 Stab: Sleeping          |     2 |       ||     2
Armor: Leather armour    |    24 |    62 ||    86
Dodge: Dodged            |    59 |    78 ||   137
Block: Buckler           |       |    28 ||    28
       Reflection        |       |     1 ||     1
